TOP OF THE 1ST |
---|
Redwood City Redwoods batting - Pitching for Spokane Trappers : RHP Jing-xiang Fa | Pitching: RHP Jing-xiang Fa | | Batting: LHB Tim Ramsey | 0-0: Ball 1-0: Ball 2-0: Fly out, F8 (Flyball, 8LM) | Batting: RHB Joe Noble | 0-0: Ball 1-0: Fly out, F9 (Flyball, 9LSF) | Batting: LHB César Rodríguez | 0-0: Swinging Strike 0-1: Fly out, F8 (Flyball, 8LM) | Top of the 1st over - 0 runs, 0 hits, 0 errors, 0 left on base; Redwood City 0 - Spokane 0 | BOTTOM OF THE 1ST |
---|
Spokane Trappers batting - Pitching for Redwood City Redwoods : RHP Carlos Rodríguez | Pitching: RHP Carlos Rodríguez | | Batting: SHB Chris Bennis | 0-0: Ball 1-0: Foul Ball, location: 2F 1-1: Called Strike 1-2: Ball 2-2: Foul Ball, location: 2F 2-2: Ground out 5-3 (Groundball, 5) | Batting: RHB Carlos García | 0-0: Ball 1-0: Called Strike 1-1: Called Strike 1-2: Ball 2-2: Strikes out swinging | Batting: SHB Mark Wells | 0-0: Ball 1-0: Ball 2-0: Called Strike 2-1: Foul Ball, location: 2F 2-2: Ground out 4-3 (Groundball, 4) | Bottom of the 1st over - 0 runs, 0 hits, 0 errors, 0 left on base; Redwood City 0 - Spokane 0 | TOP OF THE 2ND |
---|
Redwood City Redwoods batting - Pitching for Spokane Trappers : RHP Jing-xiang Fa | Batting: LHB Vicente Chávez | 0-0: Ball 1-0: Foul Ball, location: 2F 1-1: Foul Ball, location: 2F 1-2: Ball 2-2: Fly out, F7 (Flyball, 7LM) | Batting: RHB Luis Ramírez | 0-0: Called Strike 0-1: Ground out 6-3 (Groundball, 6) | Batting: RHB Jason Blair | 0-0: Foul Ball, location: 2F 0-1: Ball 1-1: Foul Ball, location: 2F 1-2: Foul Ball, location: 2F 1-2: SINGLE (Flyball, 9LM) | Batting: SHB Chris Young | 0-0: Called Strike 0-1: Ball Jason Blair steals 2nd base 1-1: Fly out, F4 (Popup, 4) | Top of the 2nd over - 0 runs, 1 hit, 0 errors, 1 left on base; Redwood City 0 - Spokane 0 | BOTTOM OF THE 2ND |
---|
Spokane Trappers batting - Pitching for Redwood City Redwoods : RHP Carlos Rodríguez | Batting: RHB José Herrera | 0-0: SINGLE (Line Drive, 34D) | Batting: LHB Willie Wallace | 0-0: Called Strike 0-1: Ball 1-1: Ball 2-1: Ball 3-1: Foul Ball, location: 2F 3-2: Base on Balls José Herrera to second | Batting: RHB Danny Crouch | 0-0: Ball 1-0: Ball 2-0: Called Strike 2-1: Foul Ball, location: 2F 2-2: Strikes out swinging | Batting: LHB Tommy Evans | 0-0: Ball 1-0: Ball 2-0: Ball 3-0: Base on Balls José Herrera to third Willie Wallace to second | Batting: RHB Enrico Rodríguez | 0-0: Called Strike 0-1: Called Strike 0-2: Strikes out looking | Batting: RHB António Martínez | 0-0: Called Strike 0-1: Ball 1-1: Called Strike 1-2: Strikes out looking | Bottom of the 2nd over - 0 runs, 1 hit, 0 errors, 3 left on base; Redwood City 0 - Spokane 0 | TOP OF THE 3RD |
---|
Redwood City Redwoods batting - Pitching for Spokane Trappers : RHP Jing-xiang Fa | Batting: SHB Ryan Holcomb | 0-0: Ball 1-0: DOUBLE (Line Drive, 78XD) | Batting: LHB Dave Lee | 0-0: Called Strike 0-1: Ball 1-1: DOUBLE (Groundball, 3L) Ryan Holcomb scores | Batting: LHB Tim Ramsey | 0-0: Ball 1-0: Foul Ball, location: 2F 1-1: Ball 2-1: Called Strike 2-2: Foul Ball, location: 2F 2-2: Ball 3-2: Foul Ball, location: 2F 3-2: Ground out 3-1 (Groundball, 34) Dave Lee to third | Batting: RHB Joe Noble | 0-0: Fly out, F6 (Line Drive, 6) | Batting: LHB César Rodríguez | 0-0: Ball 1-0: Foul Ball, location: 2F 1-1: Ball 2-1: Foul Ball, location: 2F 2-2: Foul Ball, location: 2F 2-2: Foul Ball, location: 2F 2-2: Foul Ball, location: 2F 2-2: Strikes out swinging | Top of the 3rd over - 1 run, 2 hits, 0 errors, 1 left on base; Redwood City 1 - Spokane 0 | BOTTOM OF THE 3RD |
---|
Spokane Trappers batting - Pitching for Redwood City Redwoods : RHP Carlos Rodríguez | Batting: SHB Chris Bennis | 0-0: Ball 1-0: Ball 2-0: Ball 3-0: Called Strike 3-1: Base on Balls | Batting: RHB Carlos García | 0-0: Foul Ball, location: 2F 0-1: Ball 1-1: Ball 2-1: Foul Ball, location: 2F 2-2: Ball 3-2: Foul Ball, location: 2F 3-2: Foul Ball, location: 2F 3-2: Fly out, F8 (Flyball, 8RS) | Batting: SHB Mark Wells | 0-0: Ball 1-0: Ball 2-0: Ball 3-0: Called Strike 3-1: Fly out, F9 (Flyball, 9) | Batting: RHB José Herrera | 0-0: Called Strike 0-1: Ball 1-1: Ball 2-1: Swinging Strike 2-2: Strikes out swinging | Bottom of the 3rd over - 0 runs, 0 hits, 0 errors, 1 left on base; Redwood City 1 - Spokane 0 | TOP OF THE 4TH |
---|
Redwood City Redwoods batting - Pitching for Spokane Trappers : RHP Jing-xiang Fa | Batting: LHB Vicente Chávez | 0-0: Called Strike 0-1: Ball 1-1: Ball 2-1: Ball 3-1: Foul Ball, location: 2F 3-2: SINGLE (Groundball, 34D) | Batting: RHB Luis Ramírez | 0-0: Called Strike 0-1: Ball 1-1: Called Strike 1-2: Strikes out swinging | Batting: RHB Jason Blair | 0-0: Ball 1-0: Foul Ball, location: 2F 1-1: Grounds into double play, 6-4-3 (Groundball, 6) | Top of the 4th over - 0 runs, 1 hit, 0 errors, 0 left on base; Redwood City 1 - Spokane 0 | BOTTOM OF THE 4TH |
---|
Spokane Trappers batting - Pitching for Redwood City Redwoods : RHP Carlos Rodríguez | Batting: LHB Willie Wallace | 0-0: Ground out 4-3 (Groundball, 4) | Batting: RHB Danny Crouch | 0-0: Ball 1-0: Ball 2-0: Ball 3-0: Base on Balls | Batting: LHB Tommy Evans | 0-0: Called Strike 0-1: Ball 1-1: Called Strike 1-2: Foul Ball, location: 2F 1-2: Foul Ball, location: 2F 1-2: Foul Ball, location: 2F 1-2: Foul Ball, location: 2F 1-2: Foul Ball, location: 2F 1-2: DOUBLE (Line Drive, 9LD) Danny Crouch to third Runner from 3rd tries for Home, SAFE, no throw | Batting: RHB Enrico Rodríguez | 0-0: Ball 1-0: Ball 2-0: Swinging Strike 2-1: DOUBLE (Line Drive, 3D) Tommy Evans scores | Pinch Runner at 2nd Gustavo Ortíz: | | Batting: RHB António Martínez | 0-0: SINGLE (Groundball, 56D) Gustavo Ortíz to third Runner from 3rd tries for Home, SAFE, no throw | Batting: SHB Chris Bennis | 0-0: Called Strike 0-1: Called Strike 0-2: 2-RUN HOME RUN (Flyball, 9LD), Distance : 351 ft | Batting: RHB Carlos García | 0-0: Called Strike 0-1: Foul Ball, location: 2F 0-2: Ball 1-2: Foul Ball, location: 2F 1-2: Foul Ball, location: 2F 1-2: Ball 2-2: SINGLE (Flyball, 8RS) | Batting: SHB Mark Wells | 0-0: Foul Ball, location: 2F 0-1: Foul Ball, location: 2F 0-2: Ball 1-2: Ball 2-2: Foul Ball, location: 2F 2-2: Foul Ball, location: 2F 2-2: Fielders Choice at 2nd, 6-4 (Groundball, 56) | Batting: RHB José Herrera | 0-0: Called Strike 0-1: Ball 1-1: Foul Ball, location: 2F 1-2: Fielders Choice at 2nd, 6-4 (Groundball, 6) | Bottom of the 4th over - 5 runs, 5 hits, 0 errors, 1 left on base; Redwood City 1 - Spokane 5 | TOP OF THE 5TH |
---|
Redwood City Redwoods batting - Pitching for Spokane Trappers : RHP Jing-xiang Fa | Now at 2B: Gustavo Ortíz | | Batting: SHB Chris Young | 0-0: Swinging Strike 0-1: Foul Ball, location: 2F 0-2: Ball 1-2: Foul Ball, location: 2F 1-2: Ground out 6-3 (Groundball, 6M) | Batting: SHB Ryan Holcomb | 0-0: Ball 1-0: Called Strike 1-1: Ball 2-1: SINGLE (Groundball, 5D) | Pitching: RHP Raúl Salsa | | Batting: LHB Dave Lee | 0-0: Ball 1-0: Ball 2-0: Fly out, F7 (Flyball, 7D) Runner from 1st tags up, SAFE at 2nd | Batting: LHB Tim Ramsey | 0-0: Called Strike 0-1: Ball 1-1: Ball 2-1: Called Strike 2-2: Foul Ball, location: 2F 2-2: Ball 3-2: Base on Balls | Batting: RHB Joe Noble | 0-0: Called Strike 0-1: SINGLE (Groundball, 6D) Ryan Holcomb to third Tim Ramsey to second Runner from 3rd tries for Home, SAFE, no throw | Batting: LHB César Rodríguez | 0-0: Called Strike 0-1: Foul Ball, location: 2F 0-2: Ball 1-2: Strikes out swinging | Top of the 5th over - 1 run, 2 hits, 0 errors, 2 left on base; Redwood City 2 - Spokane 5 | BOTTOM OF THE 5TH |
---|
Spokane Trappers batting - Pitching for Redwood City Redwoods : RHP Carlos Rodríguez | Pitching: RHP Gil Paling | | Batting: LHB Willie Wallace | 0-0: Foul Ball, location: 2F 0-1: Foul Ball, location: 2F 0-2: Ball 1-2: Ball 2-2: Foul Ball, location: 2F 2-2: Ball 3-2: Foul Ball, location: 2F 3-2: Foul Ball, location: 2F 3-2: Foul Ball, location: 2F 3-2: Foul Ball, location: 2F 3-2: SOLO HOME RUN (Flyball, 9LD), Distance : 370 ft | Batting: RHB Danny Crouch | 0-0: Ball 1-0: DOUBLE (Line Drive, 7LM) | Batting: LHB Tommy Evans | 0-0: Foul Ball, location: 2F 0-1: Ball 1-1: Ball 2-1: Foul Ball, location: 2F 2-2: Foul Ball, location: 2F 2-2: Ground out 5-3 (Groundball, 56) | Batting: RHB Gustavo Ortíz | 0-0: SINGLE (Line Drive, 78S) Danny Crouch to third | Pitching: RHP Michael Díaz | | Batting: RHB António Martínez | 0-0: Called Strike 0-1: Ball Passed Ball! Danny Crouch scores Gustavo Ortíz to second 1-1: Called Strike 1-2: Strikes out looking | Batting: SHB Chris Bennis | 0-0: Called Strike 0-1: Ball 1-1: Ball 2-1: Foul Ball, location: 2F 2-2: Foul Ball, location: 2F 2-2: 2-RUN HOME RUN (Flyball, 8RXD), Distance : 434 ft | Batting: RHB Carlos García | 0-0: Swinging Strike 0-1: Foul Ball, location: 2F 0-2: Foul Ball, location: 2F 0-2: Ball 1-2: Ball 2-2: Foul Ball, location: 2F 2-2: Ball 3-2: Foul Ball, location: 2F 3-2: Foul Ball, location: 2F 3-2: Base on Balls | Batting: SHB Mark Wells | 0-0: Ball 1-0: Ball 2-0: Called Strike 2-1: Ball 3-1: Base on Balls Carlos García to second | Batting: RHB José Herrera | 0-0: Ball 1-0: Foul Ball, location: 2F 1-1: Ball 2-1: Ball 3-1: Base on Balls Carlos García to third Mark Wells to second | Batting: LHB Willie Wallace | 0-0: Ball 1-0: Ball 2-0: Ball 3-0: Base on Balls Carlos García scores Mark Wells to third José Herrera to second | Batting: RHB Danny Crouch | 0-0: Fly out, F9 (Flyball, 89XD) | Bottom of the 5th over - 5 runs, 4 hits, 0 errors, 3 left on base; Redwood City 2 - Spokane 10 | TOP OF THE 6TH |
---|
Redwood City Redwoods batting - Pitching for Spokane Trappers : RHP Raúl Salsa | Batting: LHB Vicente Chávez | 0-0: Ball 1-0: Called Strike 1-1: Ball 2-1: Ball 3-1: Base on Balls | Batting: RHB Luis Ramírez | 0-0: Ball 1-0: Ball 2-0: Called Strike 2-1: Foul Ball, location: 2F 2-2: Ball 3-2: Base on Balls Vicente Chávez to second | Batting: RHB Jason Blair | 0-0: Ball 1-0: Called Strike 1-1: Ball 2-1: Foul Ball, location: 2F 2-2: Strikes out swinging | Batting: SHB Chris Young | 0-0: Ball 1-0: Called Strike 1-1: Fly out, F8 (Flyball, 8RD) | Batting: SHB Ryan Holcomb | 0-0: Ball 1-0: Foul Ball, location: 2F 1-1: SINGLE (Line Drive, 4D) Vicente Chávez to third Luis Ramírez to second | Batting: LHB Dave Lee | 0-0: Called Strike 0-1: Ball 1-1: Ball 2-1: Ball 3-1: Called Strike 3-2: Foul Ball, location: 2F 3-2: SINGLE (Groundball, 4MD) Vicente Chávez scores Luis Ramírez to third Ryan Holcomb to second Luis Ramírez scores Ryan Holcomb to third | Batting: LHB Tim Ramsey | 0-0: Foul Ball, location: 2F 0-1: Foul Ball, location: 2F 0-2: Ball 1-2: Ball 2-2: Foul Ball, location: 2F 2-2: Ball 3-2: Base on Balls Dave Lee to second | Batting: RHB Joe Noble | 0-0: Called Strike 0-1: Ball 1-1: Ball 2-1: Swinging Strike 2-2: Ball 3-2: Base on Balls Ryan Holcomb scores Dave Lee to third Tim Ramsey to second | Batting: LHB César Rodríguez | 0-0: Fielders Choice at 2nd, U6 (Groundball, 6M) | Top of the 6th over - 3 runs, 2 hits, 0 errors, 3 left on base; Redwood City 5 - Spokane 10 | BOTTOM OF THE 6TH |
---|
Spokane Trappers batting - Pitching for Redwood City Redwoods : RHP Michael Díaz | Batting: LHB Tommy Evans | 0-0: Swinging Strike 0-1: SINGLE (Groundball, 25) (infield hit) | Pitching: RHP Daniel Betteridge | | Batting: RHB Gustavo Ortíz | 0-0: Called Strike 0-1: Foul Ball, location: 2F 0-2: Foul Ball, location: 2F 0-2: Fly out, F6 (Line Drive, 6) | Batting: RHB António Martínez | 0-0: Swinging Strike 0-1: Swinging Strike 0-2: Ball 1-2: Ball 2-2: Strikes out looking | Pitching: RHP José Gusmán | | Batting: SHB Chris Bennis | 0-0: Ball 1-0: Ball 2-0: Ball 3-0: Called Strike 3-1: Base on Balls Tommy Evans to second | Pitching: RHP Domingo Franco | | Batting: RHB Carlos García | 0-0: Called Strike 0-1: Ball 1-1: Called Strike 1-2: Ball 2-2: Foul Ball, location: 2F 2-2: Ball 3-2: SINGLE (Flyball, 9S) Tommy Evans to third Chris Bennis to second Tommy Evans scores Chris Bennis to third | Batting: SHB Mark Wells | 0-0: Called Strike 0-1: Fly out, F8 (Flyball, 8RXD) | Bottom of the 6th over - 1 run, 2 hits, 0 errors, 2 left on base; Redwood City 5 - Spokane 11 | TOP OF THE 7TH |
---|
Redwood City Redwoods batting - Pitching for Spokane Trappers : RHP Raúl Salsa | Batting: LHB Vicente Chávez | 0-0: Called Strike 0-1: Ball 1-1: Foul Ball, location: 2F 1-2: Ball 2-2: Strikes out looking | Batting: RHB Luis Ramírez | 0-0: Ball 1-0: Ball 2-0: Ball 3-0: Called Strike 3-1: Base on Balls | Batting: RHB Jason Blair | 0-0: Grounds out, U3 (Groundball, 3L) | Batting: SHB Chris Young | 0-0: Ball 1-0: Called Strike 1-1: Called Strike 1-2: Ball 2-2: Foul Ball, location: 2F 2-2: Foul Ball, location: 2F 2-2: Foul Ball, location: 2F 2-2: Ball 3-2: Base on Balls | Batting: SHB Ryan Holcomb | 0-0: Called Strike 0-1: Called Strike 0-2: Strikes out swinging | Top of the 7th over - 0 runs, 0 hits, 0 errors, 2 left on base; Redwood City 5 - Spokane 11 | BOTTOM OF THE 7TH |
---|
Spokane Trappers batting - Pitching for Redwood City Redwoods : RHP Domingo Franco | Batting: RHB José Herrera | 0-0: Called Strike 0-1: Ground out 6-3 (Groundball, 6) | Batting: LHB Willie Wallace | 0-0: Called Strike 0-1: SINGLE (Flyball, 8RS) | Batting: RHB Danny Crouch | 0-0: Called Strike 0-1: SINGLE (Groundball, 6MD) Willie Wallace to second | Batting: LHB Tommy Evans | 0-0: Ball 1-0: Foul Ball, location: 2F 1-1: Ball 2-1: Grounds into double play, 4-6-3 (Groundball, 4) | Bottom of the 7th over - 0 runs, 2 hits, 0 errors, 1 left on base; Redwood City 5 - Spokane 11 | TOP OF THE 8TH |
---|
Redwood City Redwoods batting - Pitching for Spokane Trappers : RHP Raúl Salsa | Pitching: LHP Steve Paredes | | Batting: LHB Dave Lee | 0-0: Fly out, F9 (Flyball, 9S) | Batting: LHB Tim Ramsey | 0-0: Foul Ball, location: 2F 0-1: Called Strike 0-2: Ground out U3 (Groundball, 3) | Batting: RHB Joe Noble | 0-0: Swinging Strike 0-1: Ball 1-1: Ball 2-1: Foul Ball, location: 2F 2-2: Strikes out looking | Top of the 8th over - 0 runs, 0 hits, 0 errors, 0 left on base; Redwood City 5 - Spokane 11 | BOTTOM OF THE 8TH |
---|
Spokane Trappers batting - Pitching for Redwood City Redwoods : RHP Domingo Franco | Batting: RHB Gustavo Ortíz | 0-0: Ball 1-0: Fly out, F9 (Flyball, 89S) | Batting: RHB António Martínez | 0-0: Foul Ball, location: 2F 0-1: Foul Ball, location: 2F 0-2: Strikes out looking | Batting: SHB Chris Bennis | 0-0: Foul Ball, location: 2F 0-1: Ball 1-1: Ball 2-1: Called Strike 2-2: Foul Ball, location: 2F 2-2: Foul Ball, location: 2F 2-2: Ground out 4-3 (Groundball, 4) | Bottom of the 8th over - 0 runs, 0 hits, 0 errors, 0 left on base; Redwood City 5 - Spokane 11 | TOP OF THE 9TH |
---|
Redwood City Redwoods batting - Pitching for Spokane Trappers : LHP Steve Paredes | Batting: LHB César Rodríguez | 0-0: Called Strike 0-1: Foul Ball, location: 2F 0-2: Strikes out swinging | Batting: LHB Vicente Chávez | 0-0: Ball 1-0: Ball 2-0: Ball 3-0: Called Strike 3-1: Fly out, F8 (Flyball, 8LXD) | Batting: RHB Luis Ramírez | 0-0: Called Strike 0-1: Swinging Strike 0-2: Ball 1-2: Strikes out looking | Top of the 9th over - 0 runs, 0 hits, 0 errors, 0 left on base; Redwood City 5 - Spokane 11 | |